AoeStats
← Death_Rider

Hideout

509889673Analyzed
1v1 RM · 5d ago on Sep 28, 2026· 87m 41s· 2 players
Game mode
Random Map
Map size
Tiny (2 player)
Population
200
Speed
Normal
Resources
Standard
Victory
Conquest
Starting age
Dark Age
Ending age
Imperial Age
RankedLock teamsTeams togetherTeam positionsShared explorationLock speedFull tech treeHidden civsTurbo modeCheats
Victory
Defeat
🇩🇪 Huns · Germany
960
+18
🇩🇰 Chinese · Denmark
1003
-18
GallopingOlive
0:34 Loom
9:36 Feudal Age
15:48 Castle Age
13:54 Fletching
15:19 Double-Bit Axe
15:28 Gold Mining
18:03 Wheelbarrow
19:44 Padded Archer Armor
25:23 Leather Archer Armor
28:29 Scale Mail Armor
28:25 Bodkin Arrow
28:40 Forging
28:50 Pikeman
29:23 Horse Collar
29:57 Squires
31:19 Chain Mail Armor
31:40 Iron Casting
31:37 Bow Saw
32:03 Ballistics
38:07 Imperial Age
37:10 Hand Cart
38:28 Heavy Plow
39:17 Bracer
40:38 Chemistry
39:07 Halberdier
41:29 Plate Mail Armor
41:59 Blast Furnace
41:29 Ring Archer Armor
42:58 Conscription
43:48 Murder Holes
49:35 Elite Chu Ko Nu
54:31 Two-Man Saw
67:37 Elite Skirmisher
68:23 Thumb Ring
Death_Rider
6:04 Loom
9:17 Feudal Age
9:47 Double-Bit Axe
9:50 Horse Collar
14:17 Forging
14:16 Scale Barding Armor
22:06 Castle Age
21:21 Bloodlines
21:51 Gold Mining
21:58 Fletching
22:44 Light Cavalry
23:25 Husbandry
24:32 Town Watch
27:17 Iron Casting
29:09 Heavy Plow
30:56 Gold Shaft Mining
32:08 Wheelbarrow
32:32 Town Patrol
32:27 Stone Mining
33:00 Ballistics
34:24 Masonry
35:03 Bodkin Arrow
36:51 Chain Barding Armor
37:31 Hand Cart
38:24 Bow Saw
38:17 Padded Archer Armor
41:27 Imperial Age
39:32 Murder Holes
39:46 Marauders
40:06 Elite Skirmisher
41:42 Thumb Ring
42:34 Bracer
42:51 Leather Archer Armor
43:05 Conscription
44:13 Chemistry
44:32 Atheism
47:09 Blast Furnace
46:45 Plate Barding Armor
45:35 Cavalier
50:41 Paladin
56:53 Parthian Tactics
55:48 Heavy Cavalry Archer
58:00 Capped Ram
62:38 Hussar
Connection lost

Rejoining the realm…

Still unreachable

The connection could not be restored.

Session expired

The server has moved on; the page needs a fresh start.